 Dungeon Crawl Stone Soup version 0.31.0-9-g3a7656b989 (webtiles) character file.

Game seed: 14981922189256806935

55 qw the Shooter (level 3, -1/20 HPs)
             Began as a Deep Elf Hunter on Feb 2, 2024.
             Slain by Natasha (3 damage)
             ... on level 2 of the Dungeon.
             The game lasted 00:00:03 (1079 turns).

qw the Shooter (Deep Elf Hunter)                    Turns: 1079, Time: 00:00:03

Health: -1/20      AC:  7    Str: 10    XL:     3   Next: 67%
Magic:  5/5        EV: 11    Int: 13    God:
Gold:   78         SH:  0    Dex: 18    Spells: 2/2 levels left

rFire   . . .        a - +1 shortbow
rCold   . . .        (shield currently unavailable)
rNeg    . . .        k - +0 ring mail
rPois   .            (no helmet)
rElec   .            (no cloak)
rCorr   .            e - +1 pair of gloves
SInv    .            (no boots)
Will    .....        (no amulet)
Stlth   +            (no ring)
HPRegen 0.23/turn    (no ring)
MPRegen 0.09/turn

%: no passive effects
@: slowed, very slow
A: no striking features
a: no special abilities


You were on level 2 of the Dungeon.
You visited 1 branch of the dungeon, and saw 2 of its levels.

You collected 78 gold pieces.


   Skills:
 - Level 1.5 Fighting
 + Level 7.2 Ranged Weapons
 - Level 2.4 Dodging
 - Level 1.2 Stealth


You had 2 spell levels left.
You didn't know any spells.
Your spell library was empty.

Inventory:

Hand Weapons
 a - a +1 shortbow (weapon)
Armour
 e - a +1 pair of gloves (worn)
 k - a +0 ring mail (worn)
Jewellery
 d - a ring of ice
 j - a ring of fire
Potions
 g - a potion of invisibility {unknown}
 h - a potion of mutation {unknown}
 i - a potion of enlightenment {unknown}

Dungeon Overview and Level Annotations

Branches:
Dungeon (2/15)

Altars:

Annotations:
D:2 Natasha


Message History

You shoot an arrow. The arrow hits the giant cockroach.
You kill the giant cockroach!
Found a stone staircase leading down.
Natasha, Servant of Life and Death comes into view.
Natasha stares at you and mumbles some strange words.
You resist with some effort.
Enter note: You shoot an arrow.
The arrow misses Natasha.
Natasha claws you!
You shoot an arrow. The arrow misses Natasha.
Natasha barely misses you.
You shoot an arrow. The arrow hits Natasha!
Natasha is heavily wounded.
Natasha barely misses you.
You shoot an arrow.
The arrow hits Natasha but does no damage.
Natasha is heavily wounded.
Natasha claws you.
You shoot an arrow. The arrow hits Natasha.
Natasha is severely wounded.
Natasha claws you but does no damage.
Natasha stares at you and mumbles some strange words.
You feel yourself slow down.
You shoot an arrow. The arrow closely misses Natasha.
Natasha casts a spell at you. You resist with some effort.
You shoot an arrow. The arrow barely misses Natasha.
Natasha barely misses you. Natasha claws you.
You shoot an arrow. The arrow hits Natasha.
Natasha is almost dead.
Natasha barely misses you.
Natasha mumbles some strange words.
You shoot an arrow.
The arrow hits Natasha but does no damage.
Natasha is almost dead.
Natasha claws you but does no damage.
The cerulean imp hits you with a +3 spear.
Natasha claws you.
You die...
Natasha begins licking her fur clean.

###..###.## #.######.###..#
.....##...# #.....##.# ####
..........# #.###.##.#
<..#>#....# #.# #.##.#
#.##.#.#### #.# #.##.# #.##.#.#
#.# #.##.## #.#.(..# #######.#
#.##..# #..#.#.##
#...h.#.###.###.# #.##.#..## #.#
#@#...#.# #.# ..##.#.#.# #.#
#5###.#.# #.# .......#.# #.# #.#
#.#.# #.# ..##.#.#.###.# #.#
#.#.# #.#
#.>........###.###.#.###.######
.....................%.........<
#...........................#####
..............######)########
......######.######.#


You could see Natasha and a cerulean imp (summoned).

Vanquished Creatures
  2 adders (D:2)
  2 dart slugs
  A ribbon worm (D:2)
  5 ball pythons
  A bat (D:1)
  4 endoplasms (D:1)
  2 giant cockroaches
  3 goblins (D:1)
  2 kobolds
  A quokka (D:2)
  2 frilled lizards (D:2)
  3 rats (D:1)
28 creatures vanquished.

Notes
Turn   | Place    | Note
-------+----------+-------------------------------------------
     0 | D:1      | qw the Deep Elf Hunter began the quest for the Orb.
     0 | D:1      | Reached XP level 1. HP: 12/12 MP: 3/3
     0 | D:1      | 0 ||| qw: Version: 0.3-a-155-g5e7d8dd
     0 | D:1      | 0 ||| qw: Game counter: 2047
     0 | D:1      | 0 ||| qw: Melee chars always use a shield: true
     0 | D:1      | 0 ||| qw: God list: Okawaru
     0 | D:1      | 0 ||| qw: Allow faded altars: false
     0 | D:1      | 0 ||| qw: Do Orc after clearing Dungeon:15 true
     0 | D:1      | 0 ||| qw: Do second Lair branch before Depths: true
     0 | D:1      | 0 ||| qw: Lair rune preference: random
     0 | D:1      | 0 ||| qw: Goals: Normal
     0 | D:1      | 0 ||| PLANNING D:1-11
    74 | D:1      | Reached XP level 2. HP: 16/16 MP: 4/4
   115 | D:1      | Reached skill level 6 in Ranged Weapons
   709 | D:1      | 709 ||| UPGRADING to +1 pair of gloves.
   714 | D:1      | 714 ||| UPGRADING to +0 ring mail.
   724 | D:1      | 724 ||| DROPPING +0 leather armour.
   725 | D:1      | 725 ||| READING scroll labelled ETEPLE BEREGUM.
   725 | D:1      | 725 ||| ENCHANTING +0 shortbow.
   726 | D:1      | 726 ||| DROPPING scroll of butterflies.
   839 | D:2      | Reached XP level 3. HP: 20/20 MP: 5/5
   860 | D:2      | Reached skill level 7 in Ranged Weapons
  1070 | D:2      | Noticed Natasha
  1079 | D:2      | HP: 2/20 [cerulean imp/+3 spear[Natasha] (5)]
  1079 | D:2      | Slain by Natasha

Levels and vault maps discovered:
D:1:      onia_arrival_pentagram, layout_basic
D:2:      layout_loops_ring, nicolae_ecumenical_snake_handling, uniq_natasha,
          uniq_crazy_yiuf_cottage

Skill      XL: |  1  2  3 |
---------------+----------+-----
Ranged Weapons | 6 7 |  7.2
Fighting       | |  1.5
Dodging        | |  2.4
Stealth        | |  1.2

Action                     || total
---------------------------++-------
   Fire: Shortbow          ||    83
    Use: Scroll            ||     1
 Armour: Leather armour    ||     2
         Ring mail         ||    23
  Dodge: Dodged            ||    14

Table legend:
 A = Non-vault XP
 B = Vault XP
 C = Vault XP percentage of total XP
 D = Non-vault monster count
 E = Vault monster count
 F = Vault count percentage of total count
                 A         B        C        D         E       F
            +---------+---------+-------+---------+---------+-------
      Total |      79 |       0 |   0.0 |      28 |       0 |   0.0
            +---------+---------+-------+---------+---------+-------
        D:1 |      34 |       0 |   0.0 |      18 |       0 |   0.0
        D:2 |      45 |       0 |   0.0 |      10 |       0 |   0.0
            +---------+---------+-------+---------+---------+-------
